 Dungeon Crawl Stone Soup version 0.30-a0-728-gc68057be0a (webtiles) character file.

Game seed: 6242885280470588326

203 freelancePsychic the Ruffian (level 5, -1/47 (49) HPs)
             Began as a Troll Necromancer on Jan 31, 2023.
             Slain by an orc
             ... wielding a +0 flail
              (7 damage)
             ... on level 3 of the Dungeon.
             The game lasted 00:04:03 (2103 turns).

freelancePsychic the Ruffian (Troll Necromancer)    Turns: 2103, Time: 00:04:04

HP:   -1/47 (49)    AC:  4    Str: 13 (16) XL:     5   Next: 51%
MP:   5/5           EV:  9    Int:  8 (11) God:
Gold: 45            SH:  0    Dex: 10 (12) Spells: 5/6 levels left

rFire   . . .      SeeInvis .      - Unarmed
rCold   . . .      Faith    .    (no shield)
rNeg    . . .      Spirit   .    a - +0 robe
rPois   .          Reflect  .    (helmet restricted)
rElec   .          Harm     .    (no cloak)
rCorr   .          Rampage  .    (gloves unavailable)
Will    .....                    (boots unavailable)
Stlth   +                        (no amulet)
HPRegen 1.07/turn                (no ring)
MPRegen 0.09/turn                (no ring)

@: lightly drained
A: large, unfitting armour, claws 3, regeneration 1, shaggy fur 1, tough skin 1
a: no special abilities


You were on level 3 of the Dungeon.
You visited 1 branch of the dungeon, and saw 3 of its levels.

You collected 45 gold pieces.

Inventory:

Hand Weapons
 g - a +4 whip
Armour
 a - a +0 robe (worn)
Scrolls
 f - 2 scrolls of magic mapping
 h - a scroll of vulnerability
Potions
 b - a potion of magic


   Skills:
 + Level 2.3 Fighting
 - Level 1.5 Dodging
 - Level 1.0 Stealth
 * Level 4.3 Unarmed Combat
 - Level 1.2 Spellcasting
 - Level 3.2 Necromancy


You had 5 spell levels left.
You knew the following spells:

 Your Spells              Type           Power      Damage    Failure   Level
a - Necrotise             Necr           20%        1d5       11%         1

Your spell library contained the following spells:

 Spells                   Type           Power      Damage    Failure   Level
 Sublimation of Blood     Necr           5%         N/A       16%         2
 Vampiric Draining        Necr           5%         2d6       30%         3
 Sandblast                Erth           0%         2d4       36%         1
 Passwall                 Tmut/Erth      0%         N/A       52%         2
 Animate Dead             Necr           5%         N/A       71%         4
 Gell's Gravitas          Tloc           0%         N/A       75%         3
 Stone Arrow              Conj/Erth      0%         3d7       75%         3
 Teleport Other           Tloc           0%         N/A       75%         3
 Agony                    Necr           5%         N/A       96%         5
 Petrify                  Tmut/Erth      0%         N/A       98%         4
 Irradiate                Conj/Tmut      0%         3d11      100%        5
 Dispersal                Tloc           0%         N/A       100%        6


Dungeon Overview and Level Annotations

Branches:
Dungeon (3/15)

Altars:


Innate Abilities, Weirdness & Mutations

You are too large for most types of armour.
You have claws for hands.
Your natural rate of healing is unusually fast.
You are covered in fur. (AC +1)
You have tough skin. (AC +1)


Message History

You closely miss the orc. The orc closely misses you.
You scratch the orc.
The orc is moderately wounded.
You closely miss the orc wizard.
The orc priest mumbles some strange prayers to Beogh against you.
Beogh smites you!
Unknown command.
You claw the orc wizard!
The orc wizard is severely wounded.
The orc wizard hits you with a +2 dagger of draining.
You feel drained.
You closely miss the orc wizard.
The orc wizard is severely wounded.
The orc wizard hits you with a +2 dagger of draining.
You feel drained.
You closely miss the orc wizard.
The orc wizard is severely wounded.
The orc wizard hits you with a +2 dagger of draining.
You feel drained.
You scratch the orc wizard. Your claw misses the orc wizard.
The orc wizard is almost dead.
The orc priest calls upon Beogh to heal the orc.
The orc's wounds heal themselves!
The orc wizard casts a spell at you. The puff of flame hits you!
* * * LOW HITPOINT WARNING * * *
You barely miss the orc wizard.
The orc wizard is almost dead.
The orc wizard points at you and mumbles some strange words.
The magic dart hits you!
* * * LOW HITPOINT WARNING * * *
You claw the orc wizard!
You kill the orc wizard!
Okay, then.
Okay, then.
You aren't carrying any items that you can evoke.
You scratch the orc.
The orc is lightly wounded.
The orc hits you with a +0 flail!
You die...

###....#.#.# #.........#####
.......#.#.# #.........'...#
#......[.#.########....###.#
'........#...............#.#
#.)....[############...#.#.#
#.......## #(..#.#.#
######...# #####.#.#
#...######### ###'#..
+..ooo@.....# #......
#..o#######.# #...... #...#
#.....รท #.... #...... #....
#...... #.... #...... ######
###'### #.# #.#


You could see an orc priest and 3 orcs.

Vanquished Creatures
  An orc priest (D:3)
  An orc wizard (D:3)
  4 gnolls
  5 adders
  2 dart slugs
  An orc (D:3)
  4 bats
  4 endoplasms (D:1)
  3 giant cockroaches
  5 goblins
  7 hobgoblins
  4 kobolds
  3 quokkas
  7 ball pythons
  3 frilled lizards
  7 rats
61 creatures vanquished.

Notes
Turn   | Place    | Note
-------+----------+-------------------------------------------
     0 | D:1      | freelancePsychic the Troll Necromancer began the quest for
                  | the Orb.
     0 | D:1      | Reached XP level 1. HP: 16/16 MP: 1/1
   108 | D:1      | Reached skill level 1 in Unarmed Combat
   204 | D:1      | Reached XP level 2. HP: 24/26 MP: 2/2
   376 | D:1      | Reached skill level 1 in Fighting
   376 | D:1      | Reached skill level 2 in Unarmed Combat
   665 | D:2      | Reached XP level 3. HP: 32/33 MP: 3/3
   826 | D:2      | Reached skill level 3 in Unarmed Combat
   826 | D:2      | Reached XP level 4. HP: 33/41 MP: 4/4
  1612 | D:3      | Reached XP level 5. HP: 32/49 MP: 3/5
  1674 | D:3      | Reached skill level 4 in Unarmed Combat
  1917 | D:3      | Identified the +10 dagger of the Mashing Gods {heavy, rPois
                  | Will- rCorr Str+6 Dex+3}
  2103 | D:3      | Slain by an orc

Illustrated notes

Levels and vault maps discovered:
D:1:      amcnicky_arrival_flooded_fountain, layout_rooms,
          hangedman_decor_riveting, chequers_serial_rivers_micro_d,
          chequers_garden, amcnicky_mini_pool_small
D:2:      layout_loops_cross, minmay_stone_trees_small
D:3:      cheibrodos_pilgrimage, layout_basic, kennysheep_nub, minmay_ruptured

Skill      XL: |  1  2  3  4  5 |
---------------+----------------+-----
Unarmed Combat | 1 2 3 4 |  4.3
Fighting       | 1 2 |  2.3
Dodging        | |  1.5
Stealth        | |  1.0
Spellcasting   | |  1.2
Necromancy     | |  3.2

Action                     |  1- 3 |  4- 6 || total
---------------------------+-------+-------++-------
  Melee: Unarmed           |    82 |    99 ||   181
         Punch             |       |     1 ||     1
   Cast: Necrotise         |    14 |     7 ||    21
    Use: Scroll            |       |     6 ||     6
         Potion            |       |     1 ||     1
   Stab: Sleeping          |     1 |     3 ||     4
 Armour: Robe              |    25 |    28 ||    53
  Dodge: Dodged            |    45 |    48 ||    93

Table legend: (Time is in decaauts)
 A = Elapsed time spent in this place.
 B = Non-inter-level travel time spent in this place.
 C = Inter-level travel time spent in this place.
 D = Time resting spent in this place.
 E = Time spent auto-exploring this place.
 F = Levels seen in this place.
 G = Mean time per level.
                   A        B        C        D        E       F      G
               +--------+--------+--------+--------+--------+-----+--------+
         Total |   2095 |   1975 |    120 |      3 |   1492 |   3 |  698.3 |
       Dungeon |   2095 |   1975 |    120 |      3 |   1492 |   3 |  698.3 |
               +--------+--------+--------+--------+--------+-----+--------+

Top non-repeatable levels by time:
     D:2: 779 daAuts
     D:1: 736 daAuts
     D:3: 578 daAuts
